 Dungeon Crawl Stone Soup version 0.13.2 (webtiles) character file.

247 Dvgcursed the Skirmisher (level 4, -5/36 HPs)
             Began as a Demonspawn Fighter on July 22, 2016.
             Slain by an orc priest
             ... wielding a -1,+0 orcish short sword
              (6 damage)
             ... on Level 3 of the Dungeon.
             The game lasted 00:09:32 (2947 turns).

Dvgcursed the Skirmisher (Demonspawn Fighter)       Turns: 2947, Time: 00:09:32

HP  -5/36        AC  8     Str 17      XL: 4   Next: 68%
MP   3/3         EV  6     Int 10      God:
Gold 132         SH 18     Dex 12      Spells:  0 memorised,  3 levels left

Res.Fire  : . . .   See Invis. : .   u - +0 trident
Res.Cold  : . . .   Warding    : .   b - +0 scale mail
Life Prot.: . . .   Conserve   : .   c - +0 shield
Res.Poison: .       Res.Corr.  : .   (no helmet)
Res.Elec. : .       Clarity    : .   (no cloak)
Sust.Abil.: . .     Spirit.Shd : .   (no gloves)
Res.Mut.  : .       Stasis     : .   (no boots)
Res.Rott. : .       Flight     : .   (no amulet)
Saprovore : . . .                    (no ring)
                                     f - ring of protection from magic {unknown}

@: mildly poisoned, somewhat resistant to hostile enchantments, extremely
unstealthy
A: AC +2
a: no special abilities


You were on level 3 of the Dungeon.
You were not hungry.

You visited 1 branch of the dungeon, and saw 3 of its levels.

You collected 112 gold pieces.

Inventory:

Hand weapons
 a - a +0,+0 trident
 d - a +0,+3 orcish dagger
 r - a +0,+0 spear (quivered)
 u - a +0,+0 trident (weapon)
Armour
 b - a +0 scale mail (worn)
 c - a +0 shield (worn)
 v - a +0 scale mail
Magical devices
 k - a wand of magic darts (22) {unknown}
Comestibles
 p - a pear
 q - an apple
 w - 14 strawberries
Scrolls
 g - a scroll of fear {unknown}
 h - 2 scrolls of remove curse {unknown}
 i - a scroll of magic mapping {unknown}
 l - a scroll of blinking {unknown}
 n - 2 scrolls of identify {unknown}
 s - a scroll of teleportation {unknown}
 t - a scroll of enchant weapon II {unknown}
Jewellery
 f - a ring of protection from magic (left hand) {unknown}
 o - a cursed ring of hunger {unknown}
Potions
 e - 2 potions of curing {unknown}
 j - a potion of might {unknown}
 m - a potion of confusion {unknown}


   Skills:
 + Level 3.4 Fighting
 + Level 0.5 Short Blades
 + Level 2.1 Polearms
 + Level 3.2 Armour
 + Level 1.9 Dodging
 + Level 3.3 Shields


You had 3 spell levels left.
You didn't know any spells.

Dungeon Overview and Level Annotations

Branches:
Dungeon (3/27)

Altars:
Ashenzari
Makhleb
Okawaru
Sif Muna
Yredelemnul
the Shining One


Innate Abilities, Weirdness & Mutations

You are partially covered in slimy green scales (AC +2).


Message History

You block the orc wizard's attack. The adder bites you.
The orc priest's eyes start to glow.
You hit the orc but do no damage. You block the adder's attack.
The adder completely misses you. You block the orc priest's attack.
You hit the orc but do no damage. The adder bites you.
The orc hits you with an orcish hand axe.
* * * LOW HITPOINT WARNING * * *
The orc wizard mumbles some strange words.
The orc wizard flickers and vanishes!
Deactivating autopickup; reactivate with Ctrl-A.
You block the orc priest's attack. The adder bites you.
* * * LOW HITPOINT WARNING * * *
You are poisoned.
The adder poisons you!
You hit the orc but do no damage.
The orc hits you with an orcish hand axe.
* * * LOW HITPOINT WARNING * * *
You block the adder's attack.
The orc priest hits you with an orcish short sword.
You die...

#########################
........@o......)........
..####..Soo..#####.......
#<.###..# #....... #!.
#..# #....... #.. #..#
#....... #.. #..#
#....... #.. #..#
#....... #.. #..#
#....... . #..# #.......


You could see an orc priest, an adder and 2 orcs.

Vanquished Creatures
  Terence (D:3)
  3 adders
  An iguana skeleton (D:3)
  3 giant geckos
  3 oozes
  An orc (D:3)
  A giant cockroach (D:1)
  6 hobgoblins
  2 jackals (D:3)
  6 kobolds
  A ball python (D:2)
  17 bats
  8 giant newts
  7 goblins
  A quokka (D:3)
  8 rats
69 creatures vanquished.

Notes
Turn   | Place    | Note
--------------------------------------------------------------
     0 | D:1      | Dvgcursed, the Demonspawn Fighter, began the quest for the Orb.
     0 | D:1      | Reached XP level 1. HP: 18/18 MP: 0/0
   142 | D:1      | Gained mutation: You are partially covered in slimy green scales (AC +2). [demonic ancestry]
   142 | D:1      | Reached XP level 2. HP: 18/24 MP: 1/1
   842 | D:2      | Reached XP level 3. HP: 28/30 MP: 2/2
   997 | D:2      | Found a basalt altar of Yredelemnul.
  1661 | D:2      | Found a glowing golden altar of the Shining One.
  1661 | D:2      | Found a shattered altar of Ashenzari.
  1665 | D:2      | Found a burning altar of Makhleb.
  1822 | D:2      | Reached XP level 4. HP: 36/36 MP: 3/3
  1854 | D:2      | Found an iron altar of Okawaru.
  1854 | D:2      | Found a deep blue altar of Sif Muna.
  2187 | D:3      | Reached skill level 1 in Dodging
  2555 | D:3      | Noticed Terence
  2594 | D:3      | Killed Terence
  2947 | D:3      | HP: 1/36 [orc/orcish hand axe (4)]
  2947 | D:3      | Slain by an orc priest

Action                   |  1- 3 |  4- 6 || total
-------------------------+-------+-------++-------
Melee: Trident           |   151 |    10 ||   161
       Dagger            |    32 |    91 ||   123
